 Dungeon Crawl Stone Soup version 0.21-a0-150-gc243083 (webtiles) character file.

19 Katastrof the Stinger (level 2, 0/19 HPs)
             Began as a Demonspawn Wanderer on July 29, 2017.
             Slain by a hobgoblin
             ... wielding a +0 club
              (7 damage)
             ... on level 1 of the Dungeon.
             The game lasted 00:02:08 (1051 turns).

Katastrof the Stinger (Demonspawn Wanderer)         Turns: 1051, Time: 00:02:08

Health: 0/19       AC:  2    Str: 12    XL:     2   Next: 55%
Magic:  2/5        EV: 11    Int: 13    God:
Gold:   0          SH:  0    Dex: 12    Spells: 4/5 levels left

rFire    . . .     SeeInvis .   d - +0 club
rCold    . . .     Gourm    .   (no shield)
rNeg     . . .     Faith    .   c - +0 robe
rPois    .         Spirit   .   (no helmet)
rElec    .         Reflect  .   (no cloak)
rCorr    .         Harm     .   (no gloves)
MR       .....                  (no boots)
Stlth    ++........             (no amulet)
HPRegen  0.06/turn              (no ring)
MPRegen  0.09/turn              (no ring)

@: very slightly contaminated
A: talons 1
a: no special abilities


You were on level 1 of the Dungeon.
You were very hungry.

You visited 1 branch of the dungeon, and saw 1 of its levels.

Inventory:

Hand Weapons
 d - a +0 club (weapon)
Armour
 c - a +0 robe (worn)
Potions
 b - a potion of curing
Books
 a - a book of Necromancy

   Spells                             Type                      Level
   a - Pain                           Necromancy                   1
   b - Animate Skeleton               Necromancy                   1
   c - Vampiric Draining              Necromancy                   3
   d - Regeneration                   Charms/Necromancy            3
   e - Animate Dead                   Necromancy                   4
   f - Control Undead                 Necromancy                   4
Comestibles
 f - a bread ration


   Skills:
 - Level 1.0 Throwing
 - Level 1.0 Stealth
 * Level 1.1 Unarmed Combat
 - Level 2.3 Spellcasting
   Level 1.0 Summonings
 - Level 2.5 Necromancy
   Level 3.0 Poison Magic


You had 4 spell levels left.
You knew the following spells:

 Your Spells              Type           Power        Failure   Level  Hunger
a - Pain                  Necr           #...         9%          1    #......


Dungeon Overview and Level Annotations

Branches:
Dungeon (1/15)

Altars:


Innate Abilities, Weirdness & Mutations

You have sharp toenails.


Message History

You closely miss the hobgoblin.
The hobgoblin is heavily wounded.
The hobgoblin barely misses you.
Your magical contamination has completely faded away.
You are feeling very hungry.
Casting: Pain
Confirm with . or Enter, or press ? or * to list all spells.
Aiming: Pain
Press: ? - help, Shift-Dir - straight line, f/p - hobgoblin
Aim: a hobgoblin, wielding a club and wearing a thick amethyst amulet (chance to defeat MR: 73%)
The hobgoblin struggles to resist.
The hobgoblin completely misses you.
Casting: Pain
Confirm with . or Enter, or press ? or * to list all spells.
Aiming: Pain
Press: ? - help, Shift-Dir - straight line, f/p - hobgoblin
Aim: a hobgoblin, wielding a club and wearing a thick amethyst amulet (chance to defeat MR: 73%)
You miscast Pain.
You are very lightly contaminated with residual magic.
Nothing appears to happen.
The hobgoblin hits you with a club.
You die...

###### #....# #####
########....# ....#
#...........# ....#
#...........# ....#
#...........# ....#
#...........# ....#
#........@..# ....#
#####.###g### ....#
#.# #.# .#### #.###.#
## #...#.# # ###.#.# #
#.#.#
##############.#.#.#..
...............#.#.#.#


You could see a hobgoblin.

Vanquished Creatures
  A dart slug (D:1)
  A giant cockroach (D:1)
  2 goblins (D:1)
  2 hobgoblins (D:1)
  4 jackals (D:1)
  2 bats (D:1)
  A frilled lizard (D:1)
  3 rats (D:1)
16 creatures vanquished.

Notes
Turn   | Place    | Note
-------+----------+-------------------------------------------
     0 | D:1      | Katastrof the Demonspawn Wanderer began the quest for the Orb.
     0 | D:1      | Katastrof set off with: a book of Necromancy, a potion of curing, a +0 robe, a +0 club, a bread ration
     0 | D:1      | Reached XP level 1. HP: 13/13 MP: 3/3
     2 | D:1      | Learned a level 1 spell: Pain
   348 | D:1      | Gained mutation: You have sharp toenails. [demonic ancestry]
   348 | D:1      | Reached XP level 2. HP: 11/19 MP: 0/5
   735 | D:1      | Reached skill level 1 in Unarmed Combat
  1051 | D:1      | Slain by a hobgoblin

Vault maps used:
D:1:      tarquinn_simple_flora_water_a, cheibriados_altar_1

Skill      XL: |  1  2 |
---------------+-------+-----
Unarmed Combat | 1 |  1.1
Throwing       | |  1.0
Stealth        | |  1.0
Spellcasting   | |  2.3
Summonings     | |  1.0
Necromancy     | |  2.5
Poison Magic   | |  3.0

Action                   || total
-------------------------++-------
Melee: Club              ||    14
       Kick              ||     1
 Cast: Pain              ||    35
Armor: Robe              ||     3
Dodge: Dodged            ||     9
